 Dungeon Sprint DCSS version 0.20-a0-876-g2c7b0bf (webtiles) character file.

3 esc the Sneak (level 1, -4/9 HPs)
             Began as a Spriggan Enchanter on Mar 15, 2017.
             Slain by a crocodile (9 damage)
             ... in the Dungeon (Sprint II: "The Violet Keep of Menkaure").
             The game lasted 00:00:31 (21 turns).

esc the Sneak (Spriggan Enchanter)                    Turns: 21, Time: 00:00:32

Health: -4/9       AC:  2    Str:  4    XL:     1   Next: 41%
Magic:  5/5        EV: 19    Int: 16    God:
Gold:   0          SH:  0    Dex: 16    Spells: 5/6 levels left

rFire    . . .     SeeInvis +   a - +1 dagger
rCold    . . .     Gourm    .   b - +0 robe
rNeg     . . .     Faith    .   (shield restricted)
rPois    .         Spirit   .   (helmet restricted)
rElec    .         Reflect  .   (no cloak)
rCorr    .         Harm     .   (gloves unavailable)
MR       .....     NoTele   +   (boots unavailable)
Stlth    +++.......             (no amulet)
Regen    0.1/turn               (no ring)
MPRegen  0.1/turn               (no ring)

@: very quick
A: unfitting armour, see invisible, herbivore 3, speed 3, slow metabolism 2
a: no special abilities


You were in the Dungeon.
You were not hungry.

You visited 1 branch

Inventory:

Hand Weapons
 a - a +1 dagger (weapon)
Armour
 b - a +0 robe (worn)
Scrolls
 j - a scroll of blinking {!r}
Potions
 e - a potion of curing
 f - a potion of heal wounds
 g - a potion of haste
 h - 2 potions of magic
 i - a potion of berserk rage {!q}
Books
 c - a book of Maledictions
Comestibles
 d - a bread ration {@e1}


   Skills:
 + Level 0.5 Fighting
 + Level 1.4 Short Blades
 + Level 3.4 Dodging
 + Level 4.8 Stealth
 + Level 3.2 Spellcasting
 + Level 3.8 Hexes


You had 5 spell levels left.
You knew the following spells:

 Your Spells              Type           Power        Failure   Level  Hunger
v - Corona                Hex            ##.....      4%          1    None


Dungeon Overview and Level Annotations

Branches:
Dungeon (1/1)

Altars:
Cheibriados
Dithmenos
Elyvilon
Fedhas
Gozag
Hepliaklqana
Kikubaaqudgha
Makhleb
Nemelex Xobeh
Okawaru
Ru
Sif Muna
Trog
Uskayaw
Vehumet
Xom
Yredelemnul
Zin
Beogh
Jiyva
Lugonu

Annotations:
D Menkaure


Innate Abilities, Weirdness & Mutations

You are very small and have problems with some larger weapons.
You are too small for most types of armour.
You have supernaturally acute eyesight. (SInv)
You are a herbivore.
You cover ground extremely quickly.
You need consume almost no food.


Message History

Welcome, esc the Spriggan Enchanter.
Found a staircase leading out of the dungeon.
You open the door. 2 worms come into view.
There is an open door here.
You see here 243 gold pieces.
The helpless worm fails to defend itself.
You impale the worm!!
You kill the worm!
Your Spellcasting skill increases to level 3!
Okay, then.
Okay, then.
The worm completely misses you.
You see here a worm corpse.
You open the door.
A crocodile and Menkaure come into view.
Menkaure shouts!
The crocodile is engulfed in a cloud of scalding steam.
Menkaure mumbles some strange words.
Menkaure seems to speed up.
A worm comes into view.
There is an open door here.
You close the door.
Something unseen opens the door.
The worm completely misses you. Menkaure completely misses you.
There is an open door here.
Menkaure's bandages flutter.
Menkaure misses you.
Found an iron altar of Okawaru and a radiant altar of Vehumet.
Found three altars.
The crocodile is engulfed in a cloud of scalding steam.
The crocodile barely misses you.
Found four altars.
Really walk into a travel-excluded area?
The crocodile bites you.
Found four altars.
You take 4 damage, and have 5/9 hp.
MASSIVE DAMAGE!!
Found three altars.
You enter the shallow water.
Moving in this stuff is going to be slow.
Found a shadowy altar of Dithmenos and a viscous altar of Jiyva.
Found a snail-covered altar of Cheibriados.
You open the door.
The crocodile is engulfed in a cloud of scalding steam.
The crocodile closely misses you.
Menkaure is engulfed in a cloud of scalding steam.
The crocodile bites you!
Ouch! That really hurt!
You die...

.#### .### ...# ...#
###..## #..# #+###.##..#
+..# #.##.†.#..# #..# )
.<.'$##'..### ..### %$[
#.####.#..w.###...##▓▓▓▓
#+# #.##...w.§≈t≈≈≈≈≈≈≈≈
###≈≈....§M#@#######
#≈≈≈≈≈≈≈..≈#_._.....
#≈≈§≈≈≈≈§.≈#._._....
#≈≈≈≈≈≈≈§≈≈≈#_._._...
≈≈≈≈≈≈≈≈§≈≈≈#._._._..
++#≈≈≈§≈≈§§≈#_._._._.
#≈≈≈###≈§#._._._._ ##§≈
#≈§#.._._._.


You could see a crocodile, Menkaure and 2 worms.

Vanquished Creatures
  A worm (D)
1 creature vanquished.

Notes
Turn   | Place    | Note
-------+----------+-------------------------------------------
     0 | D        | esc the Spriggan Enchanter began the quest for the Orb.
     0 | D        | Reached XP level 1. HP: 9/9 MP: 5/5
     4 | D        | Reached skill level 3 in Spellcasting
     7 | D        | Noticed Menkaure
     7 | D        | Noticed a crocodile
    13 | D        | Found an iron altar of Okawaru.
    13 | D        | Found a radiant altar of Vehumet.
    14 | D        | Found a sparkling altar of Nemelex Xobeh.
    14 | D        | Found a hide-covered altar of Uskayaw.
    14 | D        | Found a glowing silver altar of Zin.
    15 | D        | Found an opulent altar of Gozag.
    15 | D        | Found a burning altar of Makhleb.
    15 | D        | Found a bloodstained altar of Trog.
    15 | D        | Found a basalt altar of Yredelemnul.
    16 | D        | Found a blossoming altar of Fedhas.
    16 | D        | Found a corrupted altar of Lugonu.
    16 | D        | Found a deep blue altar of Sif Muna.
    16 | D        | Found a shimmering altar of Xom.
    17 | D        | Found a white marble altar of Elyvilon.
    17 | D        | Found an ancient bone altar of Kikubaaqudgha.
    17 | D        | Found a sacrificial altar of Ru.
    18 | D        | Found a shadowy altar of Dithmenos.
    18 | D        | Found a viscous altar of Jiyva.
    19 | D        | Found a snail-covered altar of Cheibriados.
    21 | D        | Found a roughly hewn altar of Beogh.
    21 | D        | Found a hazy altar of Hepliaklqana.
    21 | D        | Slain by a crocodile

Vault maps used:
D:        the_violet_keep_of_menkaure

Skill      XL: |  1 |
---------------+----+-----
Spellcasting   | 3 |  3.2
Fighting       | |  0.5
Short Blades   | |  1.4
Dodging        | |  3.4
Stealth        | |  4.8
Hexes          | |  3.8

Action                   || total
-------------------------++-------
Melee: Dagger            ||     1
 Stab: Sleeping          ||     1
Dodge: Dodged            ||     6

Vault maps used:
D:        the_violet_keep_of_menkaure

Table legend:
 A = Turns spent in this place as a percentage of turns spent in the entire game.
 B = Non-inter-level travel turns spent in this place as a percentage of non-inter-level travel turns spent in the entire game.
 C = Inter-level travel turns spent in this place as a percentage of turns spent in this place.
 D = Turns resting spent in this place as a percentage of non-inter-level travel turns spent in this place.
 E = Turns spent auto-exploring this place as a percentage of non-inter-level travel turns spent in this place.
 F = Non-inter-level travel turns spent in this place divided by the number of levels of this place that you've seen.
                   A       B       C       D       E      F
               +-------+-------+-------+-------+-------+----------------------
         Total | 100.0 | 100.0 |   0.0 |   0.0 |   0.0 |  24.0
       Dungeon | 100.0 | 100.0 |   0.0 |   0.0 |   0.0 |  24.0
               +-------+-------+-------+-------+-------+----------------------

Table legend:
 A = Kills in this place as a percentage of kills in entire the game.
 B = Kills by you in this place as a percentage of kills by you in the entire game.
 C = Kills by friends in this place as a percentage of kills by friends in the entire game.
 D = Other kills in this place as a percentage of other kills in the entire game.
 E = Experience gained in this place as a percentage of experience gained in the entire game.
 F = Experience gained in this place divided by the number of levels of this place that you have seen.
                   A       B       C       D       E      F
               +-------+-------+-------+-------+-------+----------------------
         Total | 100.0 | 100.0 |  -nan |  -nan | 100.0 |   5.0
       Dungeon | 100.0 | 100.0 |  -nan |  -nan | 100.0 |   5.0
               +-------+-------+-------+-------+-------+----------------------
